 Dungeon Sprint DCSS version 0.28.0-45-g0d030f2227 (webtiles) character file.

Game seed: 9861067855657195851

7068 boopmooplesden the Fencer (level 10, -16/156 HPs)
             Began as a Minotaur Berserker on Apr 17, 2022.
             Was a High Priest of Trog.
             Demolished by a spriggan defender
             ... wielding a +2 lajatang of venom
              (24 damage)
             ... in the Dungeon (Sprint IV: "Fedhas' Mad Dash").
             The game lasted 00:05:03 (4683 turns).

boopmooplesden the Fencer (Minotaur Berserker)      Turns: 4683, Time: 00:05:04

Health: -16/156    AC: 10    Str: 24    XL:     10   Next: 83%
Magic:  9/9        EV: 13    Int:  4    God:    Trog [*****.]
Gold:   15         SH:  0    Dex: 12    Spells: 9/9 levels left

rFire   . . .      SeeInvis .   p - +0 triple sword (vorpal)
rCold   . . .      Faith    .   (shield currently unavailable)
rNeg    . . .      Spirit   .   s - +3 scale mail {Will+}
rPois   .          Reflect  .   (helmet restricted)
rElec   .          Harm     .   t - scarf {shadows}
rCorr   .          Rampage  .   (no gloves)
Will    +....      NoTele   +   (no boots)
Stlth   ..........              i - amulet of invisibility {+Inv}
HPRegen 0.36/turn               (no ring)
MPRegen 0.11/turn               (no ring)

@: berserking, lethally poisoned (-16 -> -71), very quick
A: horns 2, retaliatory headbutt
a: Renounce Religion, Evoke Invisibility, Berserk, Trog's Hand, Brothers in Arms


You were in the Dungeon.
You worshipped Trog.
Trog was extremely pleased with you.
You visited 1 branch You collected 263 gold pieces.
You spent 248 gold pieces at shops.

Inventory:

Hand Weapons
 a - a +0 falchion
 l - a +0 long sword
 n - a +3 antimagic great sword
 p - a +0 vorpal triple sword (weapon)
Armour
 b - a +0 animal skin
 o - a +0 ring mail
 s - a +3 scale mail of willpower (worn)
 t - a scarf of shadows (worn)
Jewellery
 i - the amulet of invisibility (around neck) {+Inv}
   (You found it in the Dungeon)

   [amulet of nothing]

   +Inv:      It lets you turn invisible.
Scrolls
 h - a scroll of blinking
 m - 2 scrolls of identify {unknown}
 r - a scroll of torment {unknown}
Potions
 c - a potion of curing
 d - a potion of heal wounds
 e - a potion of haste
 f - 2 potions of magic
 g - a potion of berserk rage
 j - a potion of flight {unknown}
 k - a potion of cancellation {unknown}
 q - a potion of might {unknown}


   Skills:
 + Level 14.8 Fighting
 + Level 18.4 Long Blades
 + Level 7.1 Armour
 + Level 8.8 Dodging
 + Level 7.9 Stealth
 + Level 11.4 Evocations


You had 9 spell levels left.
You didn't know any spells.
Your spell library was empty.

Dungeon Overview and Level Annotations

Branches:
Dungeon (1/1)

Altars:
Cheibriados
Dithmenos
Elyvilon
Gozag
Hepliaklqana
Kikubaaqudgha
Makhleb
Nemelex Xobeh
Okawaru
Qazlal
Ru
Sif Muna
Trog
Uskayaw
Vehumet
Wu Jian
Xom
Yredelemnul
Zin
The Shining One
Beogh
Jiyva
Lugonu

Shops:
D (*???*[[


Innate Abilities, Weirdness & Mutations

You have a pair of horns on your head.
You reflexively headbutt those who attack you in melee.


Message History

Found the +8 whip "Snakebite" {venom, curare, rPois}.
The spriggan defender shouts!
The spriggan defender barely misses you.
A red film seems to cover your vision as you go berserk!
You feel yourself moving faster!
You feel mighty!
The spriggan defender hits you with a +2 lajatang of venom.
The spriggan defender hits you with a +2 lajatang of venom!
You are poisoned.
You miss the spriggan defender.
You feel sick.
The spriggan defender hits you with a +2 lajatang of venom!
You are more poisoned.
You miss the spriggan defender.
Your headbutt misses the spriggan defender.
You feel very sick.
The spriggan defender hits you with a +2 lajatang of venom!!
You are more poisoned.
You closely miss the spriggan defender.
You feel very sick.
The spriggan defender hits you with a +2 lajatang of venom!
You are more poisoned.
You miss the spriggan defender.
You feel extremely sick.
The spriggan defender hits you with a +2 lajatang of venom!
You are lethally poisoned!
You miss the spriggan defender.
You feel extremely sick.
The spriggan defender hits you but does no damage.
You miss the spriggan defender.
Your headbutt misses the spriggan defender.
* * * LOW HITPOINT WARNING * * *
You feel extremely sick.
The spriggan defender hits you with a +2 lajatang of venom!!
* * * LOW HITPOINT WARNING * * *
You are more poisoned.
You closely miss the spriggan defender.
Your headbutt misses the spriggan defender.
* * * LOW HITPOINT WARNING * * *
You feel extremely sick.
The spriggan defender hits you with a +2 lajatang of venom!!
You die...

._._.⌠.#################...∩#
############......###.....♣.#
.♣.###.'..'......('))...♣..∩#
..♣##:.#..#.P.....###########
♣).###.##)##.P....#
..♣'...#♣.♣########
########)....####
###..♣..♣....###
#...♣......♣.@i♣
........♣.....∩.∩...)#
.#####################


You could see a spriggan defender.

Vanquished Creatures
  A spriggan berserker (D)
  A spriggan druid (D)
  6 oklob plants (D)
  A demonic crawler (D)
  3 burning bushes (D)
  A queen bee (D)
  A hornet (D)
  3 wandering mushrooms (D)
  3 scorpions (D)
  4 killer bees (D)
  5 oklob saplings (D)
  5 spriggans (D)
  A river rat (D)
  A rat (D)
  A ballistomycete spore (D)
37 creatures vanquished.

Vanquished Creatures (collateral kills)
  Agnes (D)
1 creature vanquished.

Vanquished Creatures (others)
  A fungus (D)
1 creature vanquished.

Grand Total: 39 creatures vanquished

Notes
Turn   | Place    | Note
-------+----------+-------------------------------------------
     0 | D        | boopmooplesden the Minotaur Berserker began the quest for
                  | the Orb.
     0 | D        | Reached XP level 1. HP: 19/19 MP: 0/0
    11 | D        | Reached skill level 4 in Long Blades
    11 | D        | Reached XP level 2. HP: 17/28 MP: 1/1
   133 | D        | Noticed an oklob sapling
   135 | D        | Killed an oklob sapling
   135 | D        | Reached ** piety under Trog
   136 | D        | Reached skill level 5 in Fighting
   136 | D        | Reached skill level 6 in Long Blades
   136 | D        | Reached XP level 3. HP: 37/37 MP: 2/2
   137 | D        | Noticed a scorpion
   137 | D        | Found the amulet of invisibility {+Inv}
   139 | D        | Killed a scorpion
   140 | D        | Reached skill level 7 in Long Blades
   140 | D        | Reached XP level 4. HP: 47/47 MP: 3/3
   290 | D        | Reached skill level 8 in Long Blades
   316 | D        | Found an opulent altar of Gozag.
   316 | D        | Found a hazy altar of Hepliaklqana.
   316 | D        | Found a snail-covered altar of Cheibriados.
   320 | D        | Found a viscous altar of Jiyva.
   320 | D        | Found a burning altar of Makhleb.
   320 | D        | Found a sparkling altar of Nemelex Xobeh.
   320 | D        | Found a sacrificial altar of Ru.
   320 | D        | Found a shimmering blue altar of Sif Muna.
   320 | D        | Found a bloodstained altar of Trog.
   320 | D        | Found an ornate altar of the Wu Jian Council.
   320 | D        | Found a shimmering altar of Xom.
   320 | D        | Found a basalt altar of Yredelemnul.
   321 | D        | Found an iron altar of Okawaru.
   321 | D        | Found a shadowy altar of Dithmenos.
   321 | D        | Found a glowing silver altar of Zin.
   322 | D        | Found an ancient bone altar of Kikubaaqudgha.
   322 | D        | Found a hide-covered altar of Uskayaw.
   323 | D        | Found a stormy altar of Qazlal.
   323 | D        | Found a white marble altar of Elyvilon.
   323 | D        | Found a glowing golden altar of the Shining One.
   324 | D        | Found a corrupted altar of Lugonu.
   324 | D        | Found a radiant altar of Vehumet.
   329 | D        | Reached skill level 9 in Long Blades
   329 | D        | Reached skill level 1 in Stealth
   329 | D        | Reached skill level 1 in Evocations
   329 | D        | Reached XP level 5. HP: 56/56 MP: 1/4
   559 | D        | Reached *** piety under Trog
   560 | D        | Reached skill level 5 in Armour
   621 | D        | Reached skill level 10 in Long Blades
   621 | D        | Reached XP level 6. HP: 64/64 MP: 5/5
   628 | D        | Found Zuhodeff's General Store.
   628 | D        | Found Lazathum's Weapon Emporium.
   705 | D        | Noticed a burning bush
   705 | D        | Noticed a wandering mushroom
   706 | D        | Noticed a wandering mushroom
   720 | D        | Killed a wandering mushroom
   720 | D        | Reached **** piety under Trog
   721 | D        | Reached skill level 10 in Fighting
   721 | D        | Reached skill level 11 in Long Blades
   721 | D        | Reached skill level 5 in Dodging
   727 | D        | Reached XP level 7. HP: 43/73 MP: 6/6
  1311 | D        | Killed a burning bush
  1312 | D        | Reached skill level 12 in Long Blades
  1536 | D        | Found Ugorchy's Magic Scroll Shoppe.
  1537 | D        | Found Seat's General Store.
  1589 | D        | Noticed a queen bee
  1593 | D        | Reached ***** piety under Trog
  1603 | D        | Reached skill level 13 in Long Blades
  1610 | D        | Killed a queen bee
  1611 | D        | Reached skill level 5 in Evocations
  1611 | D        | Reached XP level 8. HP: 32/83 MP: 5/7
  2042 | D        | Noticed an oklob plant
  2048 | D        | Killed an oklob plant
  2049 | D        | Reached skill level 14 in Long Blades
  2049 | D        | Reached skill level 5 in Stealth
  2318 | D        | Noticed a burning bush
  2331 | D        | Killed a burning bush
  2443 | D        | Noticed a burning bush
  2443 | D        | Noticed an oklob plant
  2448 | D        | Noticed a wandering mushroom
  2454 | D        | Killed a burning bush
  2454 | D        | Received a gift from Trog
  2455 | D        | Reached XP level 9. HP: 43/92 MP: 5/8
  2497 | D        | Killed a wandering mushroom
  3061 | D        | Killed an oklob plant
  3062 | D        | Reached skill level 15 in Long Blades
  3293 | D        | Noticed a spriggan druid
  3298 | D        | Killed a spriggan druid
  3448 | D        | Noticed an oklob plant conjurer
  3449 | D        | Killed an oklob plant conjurer
  3608 | D        | Noticed an oklob plant
  3608 | D        | Noticed an oklob plant summoner
  3609 | D        | Noticed an oklob plant shifter
  3616 | D        | Killed an oklob plant summoner
  3616 | D        | Received a gift from Trog
  3617 | D        | Reached skill level 16 in Long Blades
  3619 | D        | Killed an oklob plant shifter
  3625 | D        | Killed an oklob plant
  3626 | D        | Reached XP level 10. HP: 103/103 MP: 1/9
  3694 | D        | Noticed a spriggan rider
  3698 | D        | Reached skill level 10 in Evocations
  3699 | D        | Reached skill level 17 in Long Blades
  3707 | D        | Killed a spriggan rider
  3707 | D        | Received a gift from Trog
  3707 | D        | Reached ****** piety under Trog
  3709 | D        | Found Niamp's Armour Emporium.
  3718 | D        | Found Ifeys's Antique Armour Shoppe.
  3749 | D        | Bought a glowing scarf for 248 gold pieces
  4012 | D        | Noticed Agnes
  4017 | D        | Killed Agnes
  4018 | D        | Reached skill level 18 in Long Blades
  4411 | D        | Found Qaukk's Magic Scroll Emporium.
  4411 | D        | Noticed a spriggan berserker
  4415 | D        | Noticed an elephant
  4418 | D        | Noticed a death yak
  4425 | D        | Killed a spriggan berserker
  4433 | D        | Found Ror Usyj's Magic Scroll Shoppe.
  4672 | D        | Noticed a spriggan defender
  4673 | D        | Found the +8 whip "Snakebite" {venom, curare, rPois}
  4683 | D        | Demolished by a spriggan defender

Illustrated notes

Levels and vault maps discovered:
D:        dungeon_sprint_fedhas [sprint_temple]

Skill      XL: |  1  2  3  4  5  6  7  8  9 10 |
---------------+-------------------------------+-----
Fighting       | 4 5 7 8 9 10 12 14 | 14.8
Long Blades    | 4 6 7 9 10 11 13 14 16 18 | 18.4
Armour         | 3 4 5 6 7 |  7.1
Dodging        | 3 4 5 6 7 8 |  8.8
Stealth        | 1 2 4 5 7 |  7.9
Evocations     | 1 2 3 5 6 9 11 | 11.4

Action                   |  1- 3 |  4- 6 |  7- 9 | 10-12 || total
-------------------------+-------+-------+-------+-------++-------
Melee: Falchion          |    10 |    25 |    16 |       ||    51
       Headbutt          |     3 |     7 |    26 |     8 ||    44
       Long sword        |       |       |    35 |       ||    35
       Punch             |       |       |     1 |       ||     1
       Great sword       |       |       |    21 |       ||    21
       Triple sword      |       |       |       |    35 ||    35
Invok: Berserk           |     1 |     3 |     4 |     4 ||    12
       Brothers in Arms  |       |       |       |     1 ||     1
 Abil: Evoke Invisibilit |       |     3 |     9 |       ||    12
 Stab: Sleeping          |       |     1 |     2 |       ||     3
       Invisible         |       |       |     3 |       ||     3
Armor: Animal skin       |     1 |       |       |       ||     1
       Ring mail         |       |       |       |     2 ||     2
       Scale mail        |       |       |       |     1 ||     1
Dodge: Dodged            |     4 |     8 |    29 |    18 ||    59
